 Dungeon Sprint DCSS version 0.24-a0-616-ge2a249a6fd (webtiles) character file.

Game seed: 16301131916900569628, levelgen mode: deterministic

171 MordorOrchid the Ruffian (level 5, -4/53 HPs)
             Began as a Troll Transmuter on Sept 14, 2019.
             Was a Follower of Sif Muna.
             Slain by a gargoyle
             ... wielding a +0 morningstar
              (19 damage)
             ... in the Dungeon (Sprint IX: "|||||||||||||||||||||||||||||").
             The game lasted 00:02:05 (150 turns).

MordorOrchid the Ruffian (Troll Transmuter)          Turns: 150, Time: 00:02:06

Health: -4/53      AC:  6    Str: 18    XL:     5   Next: 26%
Magic:  3/8        EV: 15    Int: 10    God:    Sif Muna [*.....]
Gold:   0          SH:  0    Dex: 10    Spells: 6/9 levels left

rFire    . . .     SeeInvis .     - Unarmed
rCold    . . .     Gourm    +   (no shield)
rNeg     . . .     Faith    .   b - +0 robe
rPois    .         Spirit   .   (helmet restricted)
rElec    .         Reflect  .   (no cloak)
rCorr    .         Harm     .   (gloves unavailable)
MR       .....     NoTele   +   (boots unavailable)
Stlth    +.........             (no amulet)
HPRegen  0.57/turn              q - +2 ring of evasion
MPRegen  0.11/turn              r - +2 ring of evasion

@: appendage (expiring), very slightly contaminated, invisible (expiring)
A: large, unfitting armour, claws 3, talons 3, fast metabolism 3, gourmand,
regeneration 1, shaggy fur 1, tough skin 3
a: End Transformation, Channel Magic, Renounce Religion


You were in the Dungeon.
You worshipped Sif Muna.
Sif Muna was aware of your devotion.
You were very full.
You had grown temporary talons.
You visited 1 branch

Inventory:

Hand Weapons
 n - a +2 halberd of venom
 o - a +2 rapier of venom
 p - a +2 scimitar of flaming
Missiles
 a - 12 arrows
Armour
 b - a +0 robe (worn)
Magical Staves
 x - an uncursed staff of energy
Jewellery
 q - a +2 ring of evasion (left claw)
 r - a +2 ring of evasion (right claw)
Wands
 m - a wand of iceblast (10)
Scrolls
 j - 2 scrolls of blinking
 k - 3 scrolls of remove curse
 l - 2 scrolls of amnesia
Potions
 e - 5 potions of curing
 f - 3 potions of heal wounds
 g - a potion of haste
 h - 4 potions of magic
 i - a potion of berserk rage
Comestibles
 d - 2 rations


   Skills:
 * Level 3.0 Fighting
 * Level 3.6 Dodging
 + Level 7.2 Unarmed Combat
 * Level 2.9 Spellcasting
 * Level 3.3 Transmutations
 * Level 1.9 Evocations


You had 6 spell levels left.
You knew the following spells:

 Your Spells              Type           Power        Failure   Level  Hunger
a - Beastly Appendage     Tmut           #.....       8%          1    ##.....
s - Sticks to Snakes      Tmut           #.......     11%         2    ###....

Your spell library contained the following spells:

 Spells                   Type           Power        Failure   Level  Hunger
 Spider Form              Tmut/Pois      #.........   41%         3    ####...
 Ice Form                 Ice/Tmut       #.......     82%         4    #####..
 Blade Hands              Tmut           #.........   90%         5    ######.


Dungeon Overview and Level Annotations

Branches:
Dungeon (1/1)

Altars:
Cheibriados
Dithmenos
Elyvilon
Fedhas
Gozag
Hepliaklqana
Kikubaaqudgha
Makhleb
Nemelex Xobeh
Okawaru
Qazlal
Ru
Sif Muna
Trog
Uskayaw
Vehumet
Wu Jian
Xom
Yredelemnul
Zin
The Shining One
Beogh
Jiyva
Lugonu


Innate Abilities, Weirdness & Mutations

You are too large for most types of armour.
You have claws for hands.
Your metabolism is lightning-fast.
You like to eat raw meat.
Your natural rate of healing is unusually fast.
You are covered in fur. (AC +1)
You have extremely tough skin. (AC +3)
You have claws for feet.


Message History

The gargoyle hurls a stone arrow at you.
The stone arrow misses you.
You scratch the gargoyle but do no damage.
Your kick misses the gargoyle.
The gargoyle is lightly damaged.
The gargoyle closely misses you.
You claw the gargoyle!
The gargoyle is heavily damaged.
You scratch the gargoyle.
You claw the gargoyle, but do no damage.
The gargoyle is severely damaged.
Your transformation is almost over.
The gargoyle hits you with a +0 morningstar!!
* * * LOW HITPOINT WARNING * * *
You barely miss the gargoyle.
You claw the gargoyle, but do no damage.
The gargoyle is severely damaged.
You flicker for a moment.
The gargoyle hits you with a +0 morningstar!!
You die... ▓▓▓▓▓▓▓▓▓▓▓▓▓▓▓▓▓▓▓▓▓▓▓▓ +....F9@..[[[)...'______ ▓▓▓▓▓▓▓▓▓▓▓▓▓▓▓▓▓▓▓▓▓▓▓▓

You could see a gargoyle and a bullfrog (wandering).

Vanquished Creatures
  A centaur (D)
  A wight (D)
  An orc wizard (D)
  An adder (D)
  A leopard gecko (D)
  A bat skeleton (D)
  2 giant cockroaches (D)
  A goblin (D)
  A jackal (D)
  3 frilled lizards (D)
  A rat (D)
14 creatures vanquished.

Notes
Turn   | Place    | Note
-------+----------+-------------------------------------------
     0 | D        | MordorOrchid the Troll Transmuter began the quest for the
                  | Orb.
     0 | D        | Reached XP level 1. HP: 18/18 MP: 1/1
    13 | D        | Reached skill level 4 in Unarmed Combat
    28 | D        | Noticed an orc wizard
    41 | D        | Killed an orc wizard
    41 | D        | Reached skill level 1 in Fighting
    41 | D        | Reached skill level 5 in Unarmed Combat
    41 | D        | Reached XP level 2. HP: 28/28 MP: 0/3
    41 | D        | Reached XP level 3. HP: 35/35 MP: 0/4
    79 | D        | Found a roughly hewn altar of Beogh.
    79 | D        | Found a snail-covered altar of Cheibriados.
    79 | D        | Found a shadowy altar of Dithmenos.
    79 | D        | Found a white marble altar of Elyvilon.
    79 | D        | Found a blossoming altar of Fedhas.
    79 | D        | Found an opulent altar of Gozag.
    80 | D        | Found a hazy altar of Hepliaklqana.
    81 | D        | Found a viscous altar of Jiyva.
    82 | D        | Found an ancient bone altar of Kikubaaqudgha.
    83 | D        | Found a corrupted altar of Lugonu.
    84 | D        | Found a burning altar of Makhleb.
    85 | D        | Found a sparkling altar of Nemelex Xobeh.
    86 | D        | Found an iron altar of Okawaru.
    87 | D        | Found a stormy altar of Qazlal.
    88 | D        | Found a sacrificial altar of Ru.
    89 | D        | Found a shimmering blue altar of Sif Muna.
    90 | D        | Found a bloodstained altar of Trog.
    91 | D        | Found a hide-covered altar of Uskayaw.
    92 | D        | Found a radiant altar of Vehumet.
    93 | D        | Found an ornate altar of the Wu Jian Council.
    94 | D        | Found a shimmering altar of Xom.
    95 | D        | Found a basalt altar of Yredelemnul.
    96 | D        | Found a glowing silver altar of Zin.
    97 | D        | Became a worshipper of Sif Muna the Loreminder
    98 | D        | Found a glowing golden altar of the Shining One.
   129 | D        | Learned a level 2 spell: Sticks to Snakes
   131 | D        | Noticed a bullfrog
   131 | D        | Noticed a gargoyle
   131 | D        | Noticed a centaur
   140 | D        | Killed a centaur
   140 | D        | Reached * piety under Sif Muna
   140 | D        | Reached skill level 6 in Unarmed Combat
   140 | D        | Reached skill level 1 in Evocations
   140 | D        | Reached XP level 4. HP: 35/44 MP: 3/7
   144 | D        | Reached skill level 7 in Unarmed Combat
   144 | D        | Reached XP level 5. HP: 44/53 MP: 4/8
   150 | D        | Slain by a gargoyle

Levels and vault maps discovered:
D:        linesprint [early_d, line_temple, items_1, d_10, items_2, lair_1,
          lair_end, items_3, orc_1, orc_end, items_4, d_15, swamp_1, shoals_1,
          snake_1, spider_1, d_20, vaults_1, items_5, swamp_end, shoals_end,
          snake_end, spider_end, vaults_end, d_27, items_6, zot_1, zot_end,
          crypt_end, forest_end, elf_end, slime_end, tomb_end, abyss_end,
          pan_hell_end]

Skill      XL: |  1  2  3  4 |
---------------+-------------+-----
Unarmed Combat | 5 6 7 |  7.2
Fighting       | 1 2 3 |  3.0
Dodging        | 2 3 |  3.6
Transmutations | 2 3 |  3.3
Spellcasting   | 2 |  2.9
Evocations     | 1 |  1.9

Action                   |  1- 3 |  4- 6 || total
-------------------------+-------+-------++-------
Melee: Unarmed           |    33 |     9 ||    42
       Kick              |     1 |     4 ||     5
 Cast: Beastly Appendage |     2 |     1 ||     3
  Use: Potion            |     1 |       ||     1
 Stab: Invisible         |     1 |       ||     1
  Eat: Chunk             |     5 |       ||     5
Armor: Robe              |    11 |       ||    11
Dodge: Dodged            |    18 |     4 ||    22

Table legend:
 A = Non-vault XP
 B = Vault XP
 C = Vault XP percentage of total XP
 D = Non-vault monster count
 E = Vault monster count
 F = Vault count percentage of total count
                 A         B        C        D         E       F
            +---------+---------+-------+---------+---------+-------
      Total |       0 |     245 | 100.0 |       0 |      14 | 100.0
            +---------+---------+-------+---------+---------+-------
          D |       0 |     245 | 100.0 |       0 |      14 | 100.0
            +---------+---------+-------+---------+---------+-------
